 Dungeon Crawl Stone Soup version 0.20.0-15-g7f486f2 (webtiles) character file.

110 straycat the Ducker (level 4, -5/33 HPs)
             Began as a Vampire Wanderer on June 27, 2017.
             Slain by a gnoll
             ... wielding a +0 whip
              (7 damage)
             ... on level 3 of the Dungeon.
             The game lasted 00:08:16 (2987 turns).

straycat the Ducker (Vampire Wanderer)              Turns: 2987, Time: 00:08:16

Health: -5/33      AC:  6    Str: 11    XL:     4   Next: 61%
Magic:  4/4        EV: 14    Int: 12    God:
Gold:   138        SH:  0    Dex: 16    Spells: 3/3 levels left

rFire    . . .     SeeInvis +   o - +0 spear
rCold    . . .     Gourm    .   (no shield)
rNeg     . . .     Faith    .   a - +2 leather armour
rPois    .         Spirit   .   (no helmet)
rElec    .         Reflect  .   (no cloak)
rCorr    .         Harm     .   (no gloves)
MR       .....                  y - +0 pair of boots
Stlth    +++.......             (no amulet)
Regen    0.4/turn               (no ring)
MPRegen  0.1/turn               (no ring)

@: regenerating quickly
A: fangs 3, see invisible, unbreathing
a: no special abilities


You were on level 3 of the Dungeon.
You were full.

You visited 1 branch of the dungeon, and saw 4 of its levels.

You collected 138 gold pieces.

Inventory:

Hand Weapons
 d - a +0 dagger
 j - a +0 short sword
 o - a +0 spear (weapon)
 F - a +0 blowgun
Missiles
 h - 20 stones (quivered)
 i - a throwing net
 k - 39 poisoned needles
 l - 55 arrows
 r - 29 sling bullets
 A - 2 tomahawks of dispersal
 B - 20 bolts
Armour
 a - a +2 leather armour (worn)
 y - a +0 pair of boots (worn)
Jewellery
 E - an uncursed ring of see invisible {unknown}
Wands
 z - a wand of clouds (5/9)
Scrolls
 c - a scroll of teleportation
 f - 2 scrolls of fog {unknown}
 g - 5 scrolls of identify {unknown}
 m - a scroll of recharging {unknown}
 s - a scroll of fear {unknown}
 t - a scroll of enchant weapon {unknown}
 v - a scroll of noise {unknown}
 C - a scroll of enchant armour {unknown}
Potions
 b - 2 potions of lignification
 e - 19 potions of blood
 n - a potion of heal wounds {unknown}
 p - a potion of flight {unknown}
 q - 2 potions of haste {unknown}
 u - a potion of brilliance {unknown}
 w - a potion of invisibility {unknown}
 x - a potion of might {unknown}
 D - 2 potions of curing {unknown}


   Skills:
 + Level 2.2 Fighting
 - Level 2.1(2.3) Short Blades
   Level 1.0(1.6) Long Blades
 - Level 1.0 Throwing
 * Level 4.8 Dodging
 + Level 4.3 Stealth


You had 3 spell levels left.
You didn't know any spells.

Dungeon Overview and Level Annotations

Branches:
Dungeon (4/15)
 Temple: D:4-7

Altars:
Qazlal


Innate Abilities, Weirdness & Mutations

Your natural rate of healing is unusually fast.
You have razor-sharp teeth.
You have supernaturally acute eyesight. (SInv)
You can survive without breathing.


Message History

You hit the gnoll but do no damage.
The gnoll is heavily wounded.
The gnoll closely misses you.
You hit the gnoll.
The gnoll is almost dead.
The gnoll hits you with a whip.
* * * LOW HITPOINT WARNING * * *
Attack whom?
Press: ? - help, Dir - move target cursor, f - gnoll
Aim: a gnoll, wielding a whip (almost dead)
You hit the gnoll.
The gnoll is almost dead.
The gnoll hits you but does no damage.
Attack whom?
Press: ? - help, Dir - move target cursor, f/p - gnoll
Aim: a gnoll, wielding a whip (almost dead)
You barely miss the gnoll.
The gnoll is almost dead.
The gnoll hits you with a whip!
You die...

#.....### #.)....
#.......### ##.....
#...#.....# #.....
#...#.######.......
#...### ##..##..
#...# ##..... #...#
#..... ##)..# +...##
#..@.# #..g.#
#....## #.# #.....##
#.#
##..#..########.####
#.......#....##.#...
#.......#....#......
#.......#...##......
#.......#...........


You could see a gnoll.

Vanquished Creatures
  3 gnolls (D:3)
  An adder (D:2)
  An ooze (D:2)
  A worm (D:3)
  3 dart slugs
  3 leopard geckos
  3 ball pythons
  6 bats
  2 giant cockroaches (D:3)
  7 goblins
  5 hobgoblins
  3 jackals (D:1)
  2 quokkas
  A frilled lizard (D:3)
  5 kobolds
  8 rats
54 creatures vanquished.

Notes
Turn   | Place    | Note
-------+----------+-------------------------------------------
     0 | D:1      | straycat the Vampire Wanderer began the quest for the Orb.
     0 | D:1      | straycat set off with: a +2 leather armour, a potion of lignification, a scroll of teleportation, a +0 dagger, a potion of blood
     0 | D:1      | Reached XP level 1. HP: 15/15 MP: 1/1
   370 | D:1      | Reached XP level 2. HP: 21/21 MP: 2/2
  1008 | D:2      | Found a stormy altar of Qazlal.
  1064 | D:2      | Reached XP level 3. HP: 22/26 MP: 3/3
  2394 | D:3      | Reached XP level 4. HP: 17/33 MP: 4/4
  2927 | D:3      | HP: 1/33 [gnoll/whip (5)]
  2960 | D:3      | HP: 1/33 [gnoll/whip (6)]
  2981 | D:3      | HP: 1/33 [gnoll/whip (5)]
  2987 | D:3      | Slain by a gnoll

Skill      XL: |  1  2  3 |
---------------+----------+-----
Dodging        | 4 |  4.8
Stealth        | 4 |  4.3
Fighting       | 2 |  2.2
Short Blades   | |  2.1
Long Blades    | |  1.0
Throwing       | |  1.0

Action                   |  1- 3 |  4- 6 || total
-------------------------+-------+-------++-------
Melee: Dagger            |   200 |    90 ||   290
       Bite              |    14 |    11 ||    25
       Spear             |       |     4 ||     4
Throw: Stone             |     2 |     2 ||     4
  Use: Potion            |    11 |       ||    11
 Stab: Sleeping          |    10 |     1 ||    11
Armor: Leather armour    |    54 |    12 ||    66
Dodge: Dodged            |   123 |    51 ||   174
